 Dungeon Crawl Stone Soup version 0.31.0-32-g396128a36d (webtiles) character file.

Game seed: 432430900153793804

15132 Peloso the Carver (level 11, -5/100 HPs)
             Began as a Minotaur Fighter on Apr 9, 2024.
             Was a Priest of Okawaru.
             Killed by divine providence
             ... invoked by a smoke demon
              (9 damage)
             ... on level 1 of the Abyss.
             The game lasted 00:27:11 (12949 turns).

Peloso the Carver (Minotaur Fighter)               Turns: 12949, Time: 00:27:12

Health: -5/100     AC: 19    Str: 22    XL:     11   Next: 97%
Magic:  6/10       EV:  9    Int:  5    God:    Okawaru [***...]
Gold:   554        SH:  6    Dex: 16    Spells: 10/10 levels left

rFire   . . .        a - +9 long sword of False Hope {vamp, +Blink Dex+3 SInv Stlth+}
rCold   . . .        d - +0 buckler
rNeg    + . .        F - +0 plate armour "Taocoram" {-Cast +Blink rN+ SInv}
rPois   .            (helmet currently unavailable)
rElec   .            (cloak currently unavailable)
rCorr   +            (gloves currently unavailable)
SInv    +            (boots currently unavailable)
Will    .....        (no amulet) Stlth
                     g - ring of resist corrosion
HPRegen 0.36/turn    h - +4 ring of protection
MPRegen 0.12/turn

%: no spellcasting
@: beast-form
A: beast (slay +2), horns 2, retaliatory headbutt
a: Begin Untransformation, Renounce Religion, Evoke Blink, Heroism


You were on level 1 of the Abyss.
You worshipped Okawaru.
Okawaru was most pleased with you.
You were a hulking beast.
You visited 1 branch of the dungeon, and saw 12 of its levels.
You visited the Abyss 1 time.
You also visited: Sewer and Bailey.

You collected 848 gold pieces.
You spent 294 gold pieces at shops.

Inventory:

Hand Weapons
 a - the +9 long sword of False Hope (weapon) {vamp, +Blink Dex+3 SInv Stlth+}
   (You found it on level 8 of the Dungeon)

   Dex+3:     It affects your dexterity (+3).
   SInv:      It lets you see invisible.
   +Blink:    It lets you blink.
   Stlth+:    It makes you more stealthy.
 b - a +2 short sword of flaming
 c - a +4 falchion of protection
Armour
 d - a +0 buckler (worn)
 x - a +0 chain mail
 y - the +1 chain mail "Erikoug" {Str+2 Int+7 Dex-3}
   (You bought it in a shop on level 10 of the Dungeon)

   Str+2:     It affects your strength (+2).
   Int+7:     It affects your intelligence (+7).
   Dex-3:     It affects your dexterity (-3).
 F - the +0 plate armour "Taocoram" (worn) {-Cast +Blink rN+ SInv}
   (You found it in a bailey)

   rN+:       It protects you from negative energy.
   SInv:      It lets you see invisible.
   +Blink:    It lets you blink.
   -Cast:     It prevents spellcasting.
 J - a +0 pair of boots of rampaging
 K - the +4 plate armour of the Lotus Blossom {rPois rF- Slay+2}
   (You found it in a bailey)

   Slay+2:    It affects your accuracy & damage with ranged weapons and melee
   (+2).
   rF-:       It makes you vulnerable to fire.
   rPois:     It protects you from poison
Jewellery
 g - a ring of resist corrosion (left hand)
 h - a +4 ring of protection (right hand)
 j - a ring of positive energy
 B - a +6 ring of strength
 L - a +5 ring of evasion
Talismans
 l - a flux talisman
 s - a beast talisman (active)
 A - a serpent talisman
Wands
 z - a wand of flame (42)
 E - a wand of roots (3)
 G - a wand of digging (1)
 H - a wand of light (13)
Scrolls
 i - 5 scrolls of enchant weapon
 p - a scroll of teleportation
 D - 2 scrolls of vulnerability
 M - a scroll of enchant armour
 N - a scroll of revelation
Potions
 e - a potion of magic
 f - a potion of invisibility
 k - a potion of heal wounds
 m - a potion of ambrosia
 n - 3 potions of cancellation
 o - 4 potions of enlightenment
 q - a potion of haste
 r - 2 potions of berserk rage {unknown}
 t - 5 potions of might
 u - 2 potions of curing {unknown}
 v - a potion of mutation {unknown}
 C - 2 potions of resistance {unknown}
 I - a potion of degeneration {unknown}


   Skills:
 + Level 10.2 Fighting
 + Level 13.3 Long Blades
 + Level 0.6 Ranged Weapons
 + Level 0.3 Throwing
 + Level 11.9 Armour
 + Level 5.3 Dodging
 + Level 1.8 Stealth
 + Level 8.4 Shields
 + Level 0.4 Evocations
 + Level 4.5 Shapeshifting


You had 10 spell levels left.
You didn't know any spells.
Your spell library contained the following spells:

 Spells                   Type           Power      Damage    Failure   Level
 Apportation              Tloc           0%         N/A       100%        1
 Necrotise                Necr           0%         1d4       100%        1
 Sting                    Conj/Alch      0%         1d3       100%        1
 Gell's Gravitas          Tloc           0%         N/A       100%        3
 Teleport Other           Tloc           0%         N/A       100%        3
 Alistair's Intoxication  Alch           0%         N/A       100%        5
 Borgnjor's Vile Clutch   Necr/Erth      0%         N/A       100%        5
 Dispersal                Tloc           0%         N/A       100%        6
 Eringya's Noxious Bog    Alch           0%         4d6       100%        6
 Summon Small Mammal      Summ           Unusable   N/A       N/A         1

Dungeon Overview and Level Annotations

Branches:
Dungeon (12/15)            Temple (0/1) D:4            Lair (0/5) D:8
  Sewer (visited)          Bailey (visited)
    Orc: D:9-12

Altars:
Elyvilon
Okawaru
Uskayaw
The Shining One

Shops:
D:10 =[[

Annotations:
D:12 Erolcha


Innate Abilities, Weirdness & Mutations

You are a hulking beast.
Your limbs bulge with bestial killing power. (Slay +2)
You have a pair of horns on your head.
You reflexively headbutt those who attack you in melee.


Message History

You block the ufetubus's attack. The neqoxec gestures at you.
Something gnaws on your mind!
* * * LOW HITPOINT WARNING * * *
You feel your power leaking away.
The ufetubus hits you but does no damage. x2
You slice the neqoxec!!
You kill the neqoxec!
Okawaru accepts your kill. The ufetubus closely misses you.
The ufetubus hits you but does no damage.
Unknown command.
A smoke demon comes into view.
The smoke demon roars!
The spriggan defender skeleton hits you but does no damage.
The ufetubus attacks as it pursues you!
The ufetubus hits you but does no damage.
The ufetubus closely misses you.
Unknown command.
You barely miss the spriggan defender skeleton.
Your headbutt misses the spriggan defender skeleton.
The spriggan defender skeleton is lightly damaged.
The spriggan defender skeleton hits you.
* * * LOW HITPOINT WARNING * * *
The ufetubus hits you but does no damage.
You block the ufetubus's attack.
The spriggan defender skeleton hits you.
* * * LOW HITPOINT WARNING * * *
You miss the spriggan defender skeleton.
The spriggan defender skeleton is lightly damaged.
The ufetubus closely misses you. You block the ufetubus's attack.
The spriggan defender skeleton hits you but does no damage.
The ufetubus hits you.
* * * LOW HITPOINT WARNING * * *
The ufetubus hits you but does no damage.
You hit the spriggan defender skeleton.
The spriggan defender skeleton is lightly damaged.
The smoke demon gestures at you. Something smites you!
You die...

# #. .#.# #.
... . .#. #.
....# #... .
.. .#..#.. .
. .##
.#.##....#
.####.#...##.
##.#... #
#..####
...#.#.
.##Z..#
#....#
.##.h5## #.
... .
##..###3.....
. .####.##.
##.# ..####
...## #..#
.... . . ..#
. ..##. ..#.
. .## .. ###
. .# ...#.# .
.# .# # #


You could see a smoke demon, an ufetubus and a spriggan defender skeleton.

Vanquished Creatures
  Fannar (D:11)
  Erica (D:8)
  A two-headed ogre (D:8)
  A thrashing horror (Abyss:1)
  Lodul (D:11)
  4 cyclopes
  Joseph (D:8)
  A gargoyle (Bailey)
  Jeremiah (D:8)
  A komodo dragon (D:11)
  A kobold demonologist (D:11)
  2 trolls
  5 slime creatures (D:10)
  A vampire (Bailey)
  A wraith (D:11)
  A shadow (D:11)
  9 vampire mosquitoes (D:11)
  A neqoxec (Abyss:1)
  Menkaure (D:5)
  An acid dragon (D:9)
  2 ice beasts
  Pargi (Sewer)
  4 orc warriors
  14 ogres
  3 centaurs
  A phantom (D:5)
  5 kobold brigands
  A brain worm (Sewer)
  2 bullfrogs
  2 scorpions
  A gnoll sergeant (D:9)
  A water moccasin zombie (D:7)
  10 wights
  10 killer bees
  7 vampire bats (Bailey)
  5 wolf zombies (Bailey)
  A centaur zombie (D:7)
  8 howler monkeys
  9 hounds
  3 jellies
  4 orc priests
  4 gnoll boudas
  2 sleepcaps (D:5)
  3 iguanas
  9 orc wizards
  Natasha (twice) (D:2)
  3 killer bee zombies (D:7)
  A howler monkey zombie (D:7)
  27 gnolls
  9 adders
  A white imp (D:5)
  A dart slug (D:1)
  2 ribbon worms
  26 orcs
  11 ball pythons
  4 endoplasms
  A giant cockroach (D:1)
  5 goblins
  12 hobgoblins
  2 jackals (D:1)
  6 quokkas
  5 bats
  3 frilled lizards
  26 kobolds
  21 orc zombies (Bailey)
  7 rats
323 creatures vanquished.

Notes
Turn   | Place    | Note
-------+----------+-------------------------------------------
     0 | D:1      | Peloso the Minotaur Fighter began the quest for the Orb.
     0 | D:1      | Reached XP level 1. HP: 19/19 MP: 0/0
   186 | D:1      | Reached XP level 2. HP: 27/27 MP: 1/1
   453 | D:1      | Reached XP level 3. HP: 32/33 MP: 2/2
   727 | D:1      | Reached skill level 3 in Long Blades
  1057 | D:2      | Reached XP level 4. HP: 39/40 MP: 3/3
  1307 | D:2      | Noticed Natasha
  1312 | D:2      | Killed Natasha
  1313 | D:2      | Reached skill level 4 in Long Blades
  1463 | D:2      | Reached skill level 1 in Dodging
  1561 | D:2      | Noticed Natasha
  1565 | D:2      | Killed Natasha
  1566 | D:2      | Reached XP level 5. HP: 46/46 MP: 4/4
  2108 | D:3      | Reached skill level 5 in Armour
  2857 | D:4      | Found a staircase to the Ecumenical Temple.
  2890 | D:4      | Identified the +11 sling "Bil Geme" {flame, rN+++ Int+5
                  | Dex-2}
  2899 | D:4      | Reached XP level 6. HP: 51/53 MP: 5/5
  2956 | D:4      | Reached skill level 5 in Long Blades
  3062 | D:4      | Found a hide-covered altar of Uskayaw.
  3374 | D:5      | Entered Level 5 of the Dungeon
  3505 | D:5      | Reached XP level 7. HP: 49/60 MP: 6/6
  3541 | D:5      | Reached skill level 6 in Long Blades
  3671 | D:5      | Noticed Menkaure
  3675 | D:5      | Killed Menkaure
  3676 | D:5      | Reached skill level 5 in Shields
  3707 | D:5      | Found a glowing drain.
  3714 | D:5      | Reached skill level 5 in Fighting
  3722 | Sewer    | Entered a sewer
  3791 | Sewer    | Noticed Pargi
  3820 | Sewer    | Killed Pargi
  3821 | Sewer    | Reached skill level 7 in Long Blades
  4107 | D:5      | Reached XP level 8. HP: 67/68 MP: 7/7
  4593 | D:5      | Reached skill level 8 in Long Blades
  5213 | D:6      | Reached skill level 1 in Stealth
  5370 | D:6      | Noticed a cyclops
  5380 | D:6      | Killed a cyclops
  5381 | D:6      | Reached skill level 9 in Long Blades
  5381 | D:6      | Reached XP level 9. HP: 11/75 MP: 8/8
  6244 | D:7      | Reached skill level 1 in Shapeshifting
  7187 | D:8      | Reached skill level 10 in Long Blades
  7191 | D:8      | Noticed Jeremiah
  7261 | D:8      | Killed Jeremiah
  7333 | D:8      | Identified the +9 long sword of False Hope {vamp, +Blink
                  | Dex+3 SInv Stlth+}
  7334 | D:8      | Noticed Joseph
  7557 | D:8      | Killed Joseph
  7558 | D:8      | Reached XP level 10. HP: 85/86 MP: 9/9
  7659 | D:8      | Noticed a two-headed ogre
  7672 | D:8      | Killed a two-headed ogre
  7676 | D:8      | Reached skill level 10 in Armour
  7677 | D:8      | Noticed Erica
  7703 | D:7      | HP: 4/88 [poisoned by Erica (bolt of poison)]
  8199 | D:9      | Reached skill level 11 in Long Blades
  8254 | D:9      | Found a flagged portal.
  8271 | Bailey   | Entered a bailey
  8503 | Bailey   | Identified the +0 plate armour "Taocoram" {-Cast +Blink rN+
                  | SInv}
  8572 | Bailey   | Noticed a gargoyle
  8580 | Bailey   | Killed a gargoyle
  8581 | Bailey   | Reached skill level 5 in Dodging
  8611 | Bailey   | Identified the +4 plate armour of the Lotus Blossom {rPois
                  | rF- Slay+2}
  9738 | D:10     | Entered Level 10 of the Dungeon
  9847 | D:10     | Found an iron altar of Okawaru.
  9964 | D:10     | Became a worshipper of Warmaster Okawaru
 10015 | D:10     | Reached XP level 11. HP: 56/97 MP: 10/10
 10260 | D:10     | Found a white marble altar of Elyvilon.
 10344 | D:10     | Found a glowing golden altar of the Shining One.
 10416 | D:10     | Found Qafre's Antique Armour Shoppe.
 10419 | D:10     | Bought a shimmering chain mail for 294 gold pieces
 10419 | D:10     | Identified the +1 chain mail "Erikoug" {Str+2 Int+7 Dex-3}
                  | (You bought it in a shop on level 10 of the Dungeon)
 10565 | D:10     | Found Fudick's Armour Shoppe.
 10676 | D:10     | Found Nuleag Hiap's Jewellery Shop.
 10884 | D:11     | Reached skill level 12 in Long Blades
 11004 | D:11     | Reached * piety under Okawaru
 11102 | D:11     | Noticed Fannar
 11127 | D:11     | Killed Fannar
 11368 | D:11     | Reached ** piety under Okawaru
 11414 | D:11     | Noticed Lodul
 11447 | D:11     | Killed Lodul
 11490 | D:11     | Reached *** piety under Okawaru
 11611 | D:11     | Reached skill level 10 in Fighting
 11611 | D:11     | Reached skill level 13 in Long Blades
 12407 | D:8      | Killed Erica
 12582 | D:8      | Found a staircase to the Lair.
 12889 | D:12     | Noticed Erolcha
 12891 | D:12     | Noticed a white ugly thing
 12891 | Abyss:1  | Cast into level 1 of the Abyss (Erolcha)
 12930 | Abyss:1  | Noticed a thrashing horror
 12942 | Abyss:1  | Killed a thrashing horror
 12947 | Abyss:1  | HP: 4/100 [spriggan defender skeleton (5)]
 12949 | Abyss:1  | Killed from afar by a smoke demon

Illustrated notes

Levels and vault maps discovered:
D:1:      minmay_arrival_semitransparent, layout_basic, minmay_vboxes
D:2:      layout_loops_ring, minmay_hedge_maze, minmay_misc_feat_ornament,
          uniq_natasha
D:3:      layout_loops_corners
D:4:      layout_cave_pools, nicolae_uskayaw_suspiria,
          minmay_temple_entry_antechambers, serial_forest,
          infiniplex_forest_clump_diagonal, infiniplex_forest_end_3,
          infiniplex_forest_straight_2, infiniplex_forest_zigzag_1,
          infiniplex_forest_clump_double, infiniplex_forest_lined_room_2
D:5:      layout_loops_ring, portal_sewer_entry_b, kennysheep_generic_room_6,
          uniq_menkaure
D:6:      layout_basic, nicolae_titane
D:7:      layout_loops_cross, serial_undead, serial_undead_c, serial_undead_f,
          serial_undead_c, serial_undead_c
D:8:      layout_cave_pods, lair_entry_dummy, uniq_joseph, uniq_jeremiah,
          uniq_erica
D:9:      layout_loops_corners, enter_bailey_6
D:10:     layout_loops_cross, tso_altar, elyvilon_altar_5,
          mainiacjoe_overflow_alcove_1, serial_shops, shop,
          kennysheep_mini_moat, nicolae_shop_back_alley_shop
D:11:     layout_roguey, serial_aquarium, aquarium_bridge_straight
          [aquarium_subvault_bridge, aquarium_subvault_wall,
          aquarium_subvault_bridge, aquarium_subvault_wall],
          aquarium_window_fake, aquarium_window_1, aquarium_window_2,
          aquarium_window_2, aquarium_view_2c, aquarium_view_2b,
          aquarium_pool_2, nicolae_elevator_lobby_plus, uniq_fannar, uniq_lodul
D:12:     layout_loops_corners, erik_orc_4, uniq_erolcha, uniq_nergalle
Abyss:1:  base:
D:2

Skill      XL: |  1  2  3  4  5  6  7  8  9 10 11 |
---------------+----------------------------------+-----
Armour         | 4 5 6 8 9 10 11 | 11.9
Fighting       | 4 5 6 7 9 10 | 10.2
Shields        | 4 5 6 7 8 |  8.4
Long Blades    | 3 4 5 7 9 10 11 13 | 13.3
Dodging        | 1 2 3 4 5 |  5.3
Stealth        | 1 |  1.8
Shapeshifting  | 2 3 4 |  4.5
Ranged Weapons | |  0.6
Throwing       | |  0.3
Evocations     | |  0.4

Action                     |  1- 3 |  4- 6 |  7- 9 | 10-12 || total
---------------------------+-------+-------+-------+-------++-------
  Melee: Long sword        |    98 |   122 |   331 |   388 ||   939
         Headbutt          |    10 |    20 |    77 |    86 ||   193
         Falchion          |       |       |   100 |       ||   100
   Fire: Sling             |       |       |     6 |       ||     6
  Throw: Stone             |       |       |     4 |       ||     4
 Invoke: Heroism           |       |       |       |     1 ||     1
  Evoke: Wand              |       |     2 |     3 |     1 ||     6
    Use: Scroll            |     6 |     3 |     5 |     9 ||    23
         Potion            |       |       |     1 |     3 ||     4
 Armour: Scale mail        |    82 |    74 |   122 |       ||   278
         Chain mail        |       |       |   203 |   121 ||   324
         Plate armour      |       |       |       |   212 ||   212
  Dodge: Dodged            |    55 |    61 |   189 |   178 ||   483
  Block: Buckler           |    21 |    36 |   105 |   116 ||   278
   Form: Beast             |       |       |     1 |       ||     1
